 Dungeon Crawl Stone Soup version 0.22-a0-32-ga749362 (webtiles) character file.

3141 Gorglomux the Covered (level 9, -17/82 HPs)
             Began as a Deep Dwarf Fighter on Jan 3, 2018.
             Was a Follower of Makhleb.
             Demolished by a two-headed ogre
             ... wielding a +0 giant club
              (18 damage)
             ... on level 9 of the Dungeon.
             The game lasted 00:04:32 (3580 turns).

Gorglomux the Covered (Deep Dwarf Fighter)          Turns: 3580, Time: 00:04:33

Health: -17/82     AC:  9    Str: 21    XL:     9   Next: 61%
Magic:  8/8        EV: 10    Int:  9    God:    Makhleb [*.....]
Gold:   103        SH: 11    Dex: 14    Spells: 8/8 levels left

rFire    . . .     SeeInvis .   a - +0 war axe
rCold    . . .     Gourm    .   c - +0 shield
rNeg     . . .     Faith    .   b - +0 scale mail
rPois    +         Spirit   .   (no helmet)
rElec    .         Reflect  .   (no cloak)
rCorr    .         Harm     .   (no gloves)
MR       +....                  (no boots)
Stlth    ..........             (no amulet)
HPRegen  0.00/turn              m - +1 ring of protection
MPRegen  0.11/turn              o - ring of poison resistance

@: non-regenerating
A: damage resistance, heal wounds, sense surroundings 2, no regeneration
a: Heal Wounds, Renounce Religion


You were on level 9 of the Dungeon.
You worshipped Makhleb.
Makhleb was aware of your devotion.
You were not hungry.

You visited 1 branch of the dungeon, and saw 8 of its levels.

You collected 275 gold pieces.
You spent 172 gold pieces at shops.

Inventory:

Hand Weapons
 a - a +0 war axe (weapon)
 z - the +9 flail "Izxon" {freeze, rPois rN+ MR+ SInv}
   (You found it on level 7 of the Dungeon)

   It has been specially enchanted to freeze those struck by it, causing extra
   injury to most foes and up to half again as much damage against particularly
   susceptible opponents.
   It can also slow down cold-blooded creatures.
   It protects you from poison.
   It protects you from negative energy.
   It affects your resistance to hostile enchantments.
   It lets you see invisible.
Armour
 b - a +0 scale mail (worn)
 c - a +0 shield (worn)
Jewellery
 m - a +1 ring of protection (left hand)
 o - a ring of poison resistance (right hand)
Wands
 A - a wand of acid (4)
Scrolls
 h - 6 scrolls of teleportation
 k - a scroll of immolation
 q - a scroll of enchant weapon {unknown}
 y - a scroll of enchant armour {unknown}
 C - 2 scrolls of remove curse
 M - a scroll of magic mapping
 R - a scroll of identify
Potions
 d - a potion of might
 j - a potion of cancellation
 n - 2 potions of agility
 p - 2 potions of ambrosia
 t - a potion of brilliance {unknown}
 u - a potion of haste
 v - a potion of magic
 E - 2 potions of heal wounds
 G - a potion of lignification {unknown}
 Q - 3 potions of curing
Books
 D - a book of Ice

   Spells                             Type                      Level
   a - Ice Form                       Ice/Transmutation            4
   b - Metabolic Englaciation         Hexes/Ice                    5
   c - Ozocubu's Refrigeration        Ice                          6
   d - Bolt of Cold                   Conjuration/Ice              6
   e - Freezing Cloud                 Conjuration/Ice/Air          6
   f - Simulacrum                     Ice/Necromancy               6
Comestibles
 f - 8 rations
 S - 2 chunks of flesh


   Skills:
 + Level 6.3 Fighting
 + Level 7.1 Axes
 + Level 7.6 Armour
 + Level 3.9 Dodging
 + Level 7.5 Shields
 + Level 4.5 Invocations


You had 8 spell levels left.
You didn't know any spells.

Dungeon Overview and Level Annotations

Branches:
Dungeon (9/15)             Temple (0/1) D:7
   Lair: D:8-11         Orc: D:9-12

Altars:
Elyvilon
Fedhas
Gozag
Makhleb
Okawaru
Xom

Shops:
D:6 ?   D:7 !


Innate Abilities, Weirdness & Mutations

You are resistant to damage.
You can heal yourself by infusing magical energy.
You passively map the area around you.
You do not regenerate.


Message History

A worker ant comes into view!
The worker ant twitches its antennae in your direction!
The two-headed ogre hits you with a giant club!!!!!!
The two-headed ogre hits you with a giant spiked club!!!!!!
You dice the two-headed ogre like an onion!!!
The two-headed ogre is moderately wounded!
You block the two-headed butt's attack!
The two-headed ogre hits you with a giant spiked club!!!!!! * * * don't die
* * * The worker ant waves its antennae!
You dice the two-headed ogre like an onion!!!
The two-headed ogre is heavily wounded!
You block the two-headed ogre's attack!
The two-headed ogre hits you with a giant spiked club!!!!!! * * * don't die
* * * You are butt injured to fight recklessly!!!
You barely miss the two-headed ogre!
The two-headed ogre is heavily wounded!
The butt-headed ogre hits you with a giant club!!!!!! rip

*+ * , , , , ** *
, , , , , , * *
### * * #$+ , ,* *
* #.# ########.#,,
* + *,.........#,
,
.....aO@.#####..,,
........<.......
.........#####.. ,
* .........#
.........# , ,*
.........#* * ,,,
.#.#.#.#..,
#.#.#.###* , ,<*
,# #. *


You could see a two-headed ogre and a worker ant.

Vanquished Creatures
  A two-headed ogre (D:8)
  Sigmund (D:3)
  Edmund (D:6)
  2 orc warriors
  2 sky beasts
  A necrophage (D:7)
  2 ice beasts
  4 ogres
  A centaur (D:5)
  2 bullfrogs
  3 scorpions (D:6)
  3 howler monkeys (D:8)
  A crimson imp (D:5)
  A bullfrog zombie (D:8)
  2 hounds (D:6)
  2 centaur skeletons
  A bullfrog skeleton (D:8)
  2 orc priests
  7 orc wizards
  2 worker ants (D:6)
  A killer bee zombie (D:8)
  A hound zombie (D:8)
  A worker ant zombie (D:8)
  A howler monkey skeleton (D:5)
  4 gnolls (D:7)
  5 adders
  3 river rats (D:3)
  An adder skeleton (D:6)
  3 worms
  3 leopard geckos
  16 orcs
  4 giant cockroaches
  4 goblins
  4 hobgoblins
  5 jackals
  A quokka (D:8)
  3 ball pythons (D:3)
  7 bats
  A frilled lizard (D:1)
  4 kobolds
  A quokka skeleton (D:7)
  13 rats
127 creatures vanquished.

Vanquished Creatures (others)
  An ogre (D:7)
  An orc priest (D:7)
  A worker ant (D:7)
  An adder skeleton (D:7)
  A jackal (D:7)
5 creatures vanquished.

Grand Total: 132 creatures vanquished

Notes
Turn   | Place    | Note
-------+----------+-------------------------------------------
     0 | D:1      | Gorglomux the Deep Dwarf Fighter began the quest for the Orb.
     0 | D:1      | Reached XP level 1. HP: 20/20 MP: 1/1
   135 | D:1      | Reached XP level 2. HP: 22/27 MP: 2/2
   220 | D:2      | Reached skill level 3 in Fighting
   220 | D:2      | Reached XP level 3. HP: 20/34 MP: 3/3
   703 | D:3      | Noticed Sigmund
   712 | D:3      | Killed Sigmund
   712 | D:3      | Reached skill level 3 in Axes
   712 | D:3      | Reached XP level 4. HP: 37/44 MP: 3/3
   712 | D:3      | Reached XP level 5. HP: 42/50 MP: 4/4
   860 | D:3      | Found a blossoming altar of Fedhas.
   870 | D:3      | Noticed a sky beast
   885 | D:3      | Killed a sky beast
   885 | D:3      | Reached XP level 6. HP: 29/57 MP: 5/5
   942 | D:3      | Found a glowing drain.
  1197 | D:3      | Found a blossoming altar of Fedhas.
  1197 | D:3      | Found an iron altar of Okawaru.
  1501 | D:3      | You fall through a shaft for 3 floors!
  1553 | D:6      | Noticed an orc warrior
  1569 | D:6      | Killed an orc warrior
  1569 | D:6      | Reached XP level 7. HP: 29/66 MP: 5/5
  1625 | D:6      | Found Vuddaiq's Magic Scroll Shoppe.
  1636 | D:6      | Bought a scroll of teleportation for 42 gold pieces
  1641 | D:5      | Entered Level 5 of the Dungeon
  1709 | D:5      | Noticed Edmund
  1722 | D:6      | Killed Edmund
  1837 | D:5      | Found an opulent altar of Gozag.
  1922 | D:5      | Reached skill level 6 in Armour
  1922 | D:5      | Reached skill level 6 in Shields
  1922 | D:5      | Reached XP level 8. HP: 30/74 MP: 5/5
  2071 | D:5      | Found a burning altar of Makhleb.
  2080 | D:5      | Became a worshipper of Makhleb the Destroyer
  2393 | D:6      | Reached skill level 1 in Invocations
  2461 | D:6      | Reached skill level 1 in Dodging
  2484 | D:6      | Reached skill level 6 in Axes
  2795 | D:7      | Got a translucent flail
  2796 | D:7      | Identified the +9 flail "Izxon" {freeze, rPois rN+ MR+ SInv} (You found it on level 7 of the Dungeon)
  2966 | D:7      | Found Uliozuath's Distillery.
  2980 | D:7      | Bought a potion of heal wounds for 65 gold pieces
  2980 | D:7      | Bought a potion of heal wounds for 65 gold pieces
  3105 | D:7      | Gained mutation: You passively map the area around you. [Deep Dwarf growth]
  3105 | D:7      | Reached XP level 9. HP: 34/82 MP: 8/8
  3108 | D:7      | Reached * piety under Makhleb
  3108 | D:7      | Reached skill level 3 in Invocations
  3165 | D:7      | Found a shimmering altar of Xom.
  3178 | D:7      | Found a staircase to the Ecumenical Temple.
  3285 | D:8      | Found a white marble altar of Elyvilon.
  3328 | D:8      | Noticed a two-headed ogre
  3340 | D:8      | Killed a two-headed ogre
  3340 | D:8      | Reached skill level 6 in Fighting
  3340 | D:8      | Reached skill level 3 in Dodging
  3571 | D:8      | Noticed a two-headed ogre
  3573 | D:9      | Noticed a two-headed ogre
  3579 | D:9      | HP: 1/82 [two-headed ogre/giant club (15)]
  3580 | D:9      | Demolished by a two-headed ogre

Vault maps used:
D:1:      dpeg_arrival_round_c
D:3:      amethyst_overflow_temple_binary, portal_sewer_entry_e, fedhas_altar_2,
          uniq_sigmund
D:5:      lemuel_zombie_altar_yredelemnul, makhleb_grotto_becter,
          nicolae_gozag_cash_rules_everything_around_me, first_ration,
          uniq_eustachio, uniq_duvessa, uniq_edmund
D:6:      serial_shops, shop, minmay_misc_feat_cross
D:7:      xom_confusion_cloud, minmay_temple_entry_statues_pillars,
          serial_shops, nicolae_shop_waterfront
D:8:      lemuel_upstairs_altar, overflow_temple_1_default,
          vehumet_altar_wand_db, lair_entry_dummy, serial_glass,
          glass_columns_a, glass_columns_a, glass_columns_c, glass_columns_c,
          glass_columns_a, glass_columns_a, minmay_strange_pillars,
          minmay_strange_pillars, minmay_strange_pillars
D:9:      grunt_qazlal_clouds, overflow_temple_1_default,
          nicolae_overflow_crystal_walls, orc_0_dummy, serial_shops,
          kennysheep_mini_moat, shop

Skill      XL: |  1  2  3  4  5  6  7  8  9 |
---------------+----------------------------+-----
Fighting       | 3 4 5 6 |  6.3
Axes           | 3 4 5 6 7 |  7.1
Armour         | 4 5 6 7 |  7.6
Shields        | 4 5 6 7 |  7.5
Invocations    | 2 4 |  4.5
Dodging        | 2 3 |  3.9

Action                   |  1- 3 |  4- 6 |  7- 9 || total
-------------------------+-------+-------+-------++-------
Melee: War axe           |    90 |    79 |   269 ||   438
       Flail             |       |       |    17 ||    17
 Abil: Heal Wounds       |     1 |     4 |    10 ||    15
  Use: Potion            |       |     1 |       ||     1
       Scroll            |       |       |    11 ||    11
  Eat: Chunk             |       |     2 |     8 ||    10
Armor: Scale mail        |    43 |    34 |   115 ||   192
Dodge: Dodged            |    17 |    36 |   108 ||   161
Block: Shield            |    46 |    50 |   187 ||   283

Table legend:
 A = Spawn XP
 B = Non-spawn XP
 C = Spawn XP percentage of total XP
 D = Spawn monster count
 E = Non-spawn monster count
 F = Spawn count percentage of total count
 G = Total turns spent on level
                    A         B        C        D         E        F      G
               +---------+---------+-------+---------+---------+-------+---------
         Total |       0 |    4488 |   0.0 |       0 |     127 |   0.0 |  3580
               +---------+---------+-------+---------+---------+-------+---------
           D:1 |       0 |      15 |   0.0 |       0 |      10 |   0.0 |   139
           D:2 |       0 |      41 |   0.0 |       0 |      16 |   0.0 |   310
           D:3 |       0 |     434 |   0.0 |       0 |      26 |   0.0 |  1052
           D:5 |       0 |     372 |   0.0 |       0 |       8 |   0.0 |   380
           D:6 |       0 |    1211 |   0.0 |       0 |      27 |   0.0 |   697
           D:7 |       0 |     989 |   0.0 |       0 |      20 |   0.0 |   640
           D:8 |       0 |    1426 |   0.0 |       0 |      20 |   0.0 |   355
               +---------+---------+-------+---------+---------+-------+---------
